 Dungeon Crawl Stone Soup version 0.21.1-1-g345015fe64 (webtiles) character file.

48 Kohma the Grave Robber (level 3, -2/24 HPs)
             Began as a Mummy Necromancer on June 8, 2018.
             Slain by a worm (10 damage)
             ... on level 2 of the Dungeon.
             The game lasted 00:07:09 (1325 turns).

Kohma the Grave Robber (Mummy Necromancer)          Turns: 1325, Time: 00:07:09

Health: -2/24      AC:  3    Str: 11    XL:     3   Next: 50%
Magic:  2/7        EV: 12    Int: 15    God:
Gold:   47         SH:  0    Dex: 12    Spells: 3/8 levels left

rFire    x . .     SeeInvis .   e - -2 short sword (curse)
rCold    + . .     Gourm    .   (no shield)
rNeg     + + +     Faith    .   a - +1 robe
rPois    ∞         Spirit   .   (no helmet)
rElec    .         Reflect  .   (no cloak)
rCorr    .         Harm     .   (no gloves)
MR       .....                  (no boots)
Stlth    ++........             (no amulet)
HPRegen  0.08/turn              (no ring)
MPRegen  0.10/turn              (no ring)

@: very slightly contaminated
A: no food or potions, fire vulnerability, cold resistance 1, negative energy
resistance 3, torment resistance, unbreathing
a: no special abilities


You were on level 2 of the Dungeon.
You were not hungry.

You visited 1 branch of the dungeon, and saw 3 of its levels.

You collected 47 gold pieces.

Inventory:

Hand Weapons
 c - a +0 short sword
 d - a +0 dagger
 e - a cursed -2 short sword (weapon)
Missiles
 g - 49 stones (quivered)
Armour
 a - a +1 robe (worn)
 f - a +0 robe
 h - a cursed +0 robe
 i - a +0 robe
Books
 b - a book of Necromancy

   Spells                             Type                      Level
   a - Pain                           Necromancy                   1
   b - Animate Skeleton               Necromancy                   1
   c - Vampiric Draining              Necromancy                   3
   d - Regeneration                   Charms/Necromancy            3
   e - Animate Dead                   Necromancy                   4
   f - Borgnjor's Vile Clutch         Necromancy/Earth             5


   Skills:
 + Level 2.0 Dodging
 + Level 2.2 Stealth
 + Level 3.4 Spellcasting
 + Level 4.3 Necromancy


You had 3 spell levels left.
You knew the following spells:

 Your Spells              Type           Power        Failure   Level  Hunger
a - Pain                  Necr           ###.         3%          1    N/A
b - Animate Skeleton      Necr           N/A          3%          1    N/A
c - Vampiric Draining     Necr           ###.......   10%         3    N/A

Dungeon Overview and Level Annotations

Branches:
Dungeon (3/15)

Altars:


Innate Abilities, Weirdness & Mutations

You do not eat or drink.
Your flesh is vulnerable to fire.
You are immune to poison.
Your flesh is cold resistant. (rC+)
You are immune to negative energy. (rN+++)
You are immune to unholy pain and torment.
You can survive without breathing.


Message History

Unknown command.
Things that are here:
a dagger; a kobold corpse
Casting: Pain
Confirm with . or Enter, or press ? or * to list all spells.
You attempt to give life to the dead...
Before your eyes, flesh is ripped from the corpse!
The dead are walking!
You see here 2 inedible chunks of flesh.
What are your orders? t - Shout!
Orders for allies: a - Attack new target. p - Attack previous target. r - Retreat! s - Stop attacking. g - Guard the area. f - Follow me.
Anything else - Cancel.
Gang up on whom?
Press: ? - help, Dir - move target cursor, f/p - worm
Aim: a worm (heavily wounded) Attack!
The worm bites you!
You die...

####..## #. #..## #.#
#..## #.# ###.... #.#
#...... #####.#####
#.#.##. #.........#
#.#..#.
###.....###.####.#....
+....@................
###Z..w.###.####.#....
#.#...###.# #......
#.........# ###....
####.###### ####. #.#
#. #.# #. #.# #. #.#
#.


You could see a worm and a friendly kobold skeleton.

Vanquished Creatures
  An adder (D:2)
  An ooze (D:1)
  2 dart slugs (D:1)
  3 goblins (D:1)
  3 hobgoblins (D:1)
  5 bats
  5 frilled lizards (D:1)
  6 kobolds
  3 rats
29 creatures vanquished.

Vanquished Creatures (collateral kills)
  2 ball pythons (D:1)
  A kobold (D:1)
  2 frilled lizards (D:1)
5 creatures vanquished.

Grand Total: 34 creatures vanquished

Notes
Turn   | Place    | Note
-------+----------+-------------------------------------------
     0 | D:1      | Kohma the Mummy Necromancer began the quest for the Orb.
     0 | D:1      | Reached XP level 1. HP: 13/13 MP: 4/4
    52 | D:1      | Learned a level 1 spell: Animate Skeleton
   198 | D:1      | Reached XP level 2. HP: 19/19 MP: 5/5
   474 | D:1      | Reached XP level 3. HP: 13/24 MP: 0/7
   479 | D:1      | Learned a level 3 spell: Vampiric Draining
  1325 | D:2      | Slain by a worm

Skill      XL: |  1  2  3 |
---------------+----------+-----
Spellcasting   | 3 |  3.4
Stealth        | 2 |  2.2
Dodging        | 2 |  2.0
Necromancy     | |  4.3

Action                   || total
-------------------------++-------
Melee: Dagger            ||    42
       Short sword       ||     7
 Cast: Pain              ||    45
       Animate Skeleton  ||    11
  Use: Scroll            ||     6
 Stab: Sleeping          ||     1
Armor: Robe              ||    16
Dodge: Dodged            ||    47
